SL
LOUISVILLE BC @ D.C. DIVIDED
09/12/2024
 
TOP OF THE 1ST
Louisville BC batting - Pitching for D.C. Divided : RHP Yoriyoshi Yamamoto
Pitching: RHP Yoriyoshi Yamamoto
Batting: LHB Carroll Martin 0-0: Ball
1-0: Called Strike
1-1: Called Strike
1-2: Ball
2-2: SINGLE (Groundball, 4MD)
Batting: RHB Andrés Rodríguez 0-0: Called Strike
0-1: Ball
1-1: Ball
Carroll Martin steals 2nd base
2-1: Swinging Strike
2-2: Strikes out swinging
Batting: RHB Micheal Murdoch 0-0: Ball
1-0: Swinging Strike
1-1: Foul Ball, location: 2F
1-2: Ground out 6-3 (Groundball, 6)
Carroll Martin to third
Batting: SHB Chris Williamson 0-0: Foul Ball, location: 2F
0-1: Ball
1-1: SINGLE (Groundball, 13) (infield hit)
Carroll Martin scores
Batting: RHB Aurelio Vázquez 0-0: Called Strike
Chris Williamson is caught stealing 2nd base
Top of the 1st over - 1 run(s), 2 hit(s), 0 error(s), 0 left on base; Louisville 1 - D.C. 0
BOTTOM OF THE 1ST
D.C. Divided batting - Pitching for Louisville BC : RHP Austin Stewart
Pitching: RHP Austin Stewart
Batting: LHB Charles Mathes 0-0: Ball
1-0: SINGLE (Groundball, 34D)
Batting: LHB Brad Elmore 0-0: Ball
1-0: SINGLE (Groundball, 4M)
Charles Mathes to second
Runner from 2nd tries for 3rd, SAFE, no throw or cutoff
Batting: LHB Ray Sears 0-0: Ball
1-0: Ball
2-0: Called Strike
2-1: Ball
3-1: Fly out, F9 (Flyball, 9M)
Runner from 3rd tags up, SCORES, no throw
Batting: LHB Mike Gardner 0-0: Called Strike
0-1: Foul Ball, location: 2F
0-2: Strikes out looking
Batting: RHB Lúcio López 0-0: Swinging Strike
0-1: Swinging Strike
0-2: Ball
1-2: Ball
2-2: Fielders Choice at 2nd, 5-4 (Groundball, 56)
Bottom of the 1st over - 1 run(s), 2 hit(s), 0 error(s), 0 left on base; Louisville 1 - D.C. 1
TOP OF THE 2ND
Louisville BC batting - Pitching for D.C. Divided : RHP Yoriyoshi Yamamoto
Batting: RHB Aurelio Vázquez 0-0: Called Strike
0-1: Ball
1-1: Called Strike
1-2: Fly out, F8 (Flyball, 8LD)
Batting: LHB Joram Nelen 0-0: Fly out, F7 (Flyball, 7LM)
Batting: SHB Adrián Pueblo 0-0: Ball
1-0: Ball
2-0: Ball
3-0: Called Strike
3-1: Base on Balls
Batting: SHB Eddie Ménard 0-0: Ball
1-0: SINGLE (Line Drive, 4D)
Adrián Pueblo to second
Batting: LHB Arturo Acevedo 0-0: Ball
1-0: Ball
2-0: Called Strike
2-1: Foul Ball, location: 2F
2-2: Foul Ball, location: 2F
2-2: Strikes out swinging
Top of the 2nd over - 0 run(s), 1 hit(s), 0 error(s), 2 left on base; Louisville 1 - D.C. 1
BOTTOM OF THE 2ND
D.C. Divided batting - Pitching for Louisville BC : RHP Austin Stewart
Batting: RHB Cristo González 0-0: Called Strike
0-1: Foul Ball, location: 2F
0-2: Fly out, F5 (Line Drive, 56)
Batting: LHB Keith Bridges 0-0: Foul Ball, location: 2F
0-1: Swinging Strike
0-2: Foul Ball, location: 2F
0-2: Ground out 5-3 (Groundball, 5S)
Batting: RHB Justin Saginov 0-0: Swinging Strike
0-1: Ball
1-1: Foul Ball, location: 2F
1-2: Foul Ball, location: 2F
1-2: Ball
2-2: Fly out, F8 (Flyball, 8RM)
Bottom of the 2nd over - 0 run(s), 0 hit(s), 0 error(s), 0 left on base; Louisville 1 - D.C. 1
TOP OF THE 3RD
Louisville BC batting - Pitching for D.C. Divided : RHP Yoriyoshi Yamamoto
Batting: LHB Carroll Martin 0-0: Fly out, F8 (Flyball, 8RXD)
Batting: RHB Andrés Rodríguez 0-0: Swinging Strike
0-1: Swinging Strike
0-2: Foul Ball, location: 2F
0-2: Ball
1-2: Ball
2-2: Foul Ball, location: 2F
2-2: Ground out 5-3 (Groundball, 56S)
Batting: RHB Micheal Murdoch 0-0: Ball
1-0: Ball
2-0: Ball
3-0: Called Strike
3-1: Fly out, F7 (Flyball, 78XD)
Top of the 3rd over - 0 run(s), 0 hit(s), 0 error(s), 0 left on base; Louisville 1 - D.C. 1
BOTTOM OF THE 3RD
D.C. Divided batting - Pitching for Louisville BC : RHP Austin Stewart
Batting: RHB Duncan Thomas 0-0: Ground out 5-3 (Groundball, 5S)
Batting: LHB Charles Mathes 0-0: Swinging Strike
0-1: Swinging Strike
0-2: Ball
1-2: Ground out U3 (Groundball, 3)
Batting: LHB Brad Elmore 0-0: Foul Ball, location: 2F
0-1: Ball
1-1: Called Strike
1-2: Ground out 6-3 (Groundball, 6)
Bottom of the 3rd over - 0 run(s), 0 hit(s), 0 error(s), 0 left on base; Louisville 1 - D.C. 1
TOP OF THE 4TH
Louisville BC batting - Pitching for D.C. Divided : RHP Yoriyoshi Yamamoto
Batting: SHB Chris Williamson 0-0: Called Strike
0-1: Foul Ball, location: 2F
0-2: Ball
1-2: Strikes out swinging
Batting: RHB Aurelio Vázquez 0-0: Fly out, F8 (Flyball, 8RXD)
Batting: LHB Joram Nelen 0-0: Ball
1-0: Called Strike
1-1: Foul Ball, location: 2F
1-2: Ball
2-2: Strikes out looking
Top of the 4th over - 0 run(s), 0 hit(s), 0 error(s), 0 left on base; Louisville 1 - D.C. 1
BOTTOM OF THE 4TH
D.C. Divided batting - Pitching for Louisville BC : RHP Austin Stewart
Batting: LHB Ray Sears 0-0: Called Strike
0-1: Swinging Strike
0-2: Ball
1-2: Ball
2-2: Strikes out looking
Batting: LHB Mike Gardner 0-0: Ball
1-0: Ball
2-0: Ball
3-0: Called Strike
3-1: Base on Balls
Batting: RHB Lúcio López 0-0: Fly out, F8 (Flyball, 8LS)
Batting: RHB Cristo González 0-0: Ball
1-0: Called Strike
1-1: Ball
2-1: Foul Ball, location: 2F
2-2: Foul Ball, location: 2F
2-2: Foul Ball, location: 2F
2-2: Strikes out swinging
Bottom of the 4th over - 0 run(s), 0 hit(s), 0 error(s), 1 left on base; Louisville 1 - D.C. 1
TOP OF THE 5TH
Louisville BC batting - Pitching for D.C. Divided : RHP Yoriyoshi Yamamoto
Batting: SHB Adrián Pueblo 0-0: Ball
1-0: Called Strike
1-1: Ball
2-1: Foul Ball, location: 2F
2-2: Foul Ball, location: 2F
2-2: SINGLE (Groundball, 56)
Batting: SHB Eddie Ménard 0-0: Sac Bunt - play at first, batter OUT! 1-4
Adrián Pueblo to second
Batting: LHB Arturo Acevedo 0-0: Ball
1-0: Swinging Strike
1-1: Swinging Strike
1-2: Foul Ball, location: 2F
1-2: Ball
2-2: Strikes out swinging
Batting: LHB Carroll Martin 0-0: SINGLE (Flyball, 4MD)
Adrián Pueblo to third
Runner from 3rd tries for Home, SAFE, no throw or cutoff
Batting: RHB Andrés Rodríguez 0-0: Called Strike
0-1: Called Strike
0-2: Ball
Carroll Martin is caught stealing 2nd base
Top of the 5th over - 1 run(s), 2 hit(s), 0 error(s), 0 left on base; Louisville 2 - D.C. 1
BOTTOM OF THE 5TH
D.C. Divided batting - Pitching for Louisville BC : RHP Austin Stewart
Batting: LHB Keith Bridges 0-0: Ground out 4-3 (Groundball, 4)
Batting: RHB Justin Saginov 0-0: Ball
1-0: Foul Ball, location: 2F
1-1: Ball
2-1: TRIPLE (Flyball, 89XD)
Batting: RHB Duncan Thomas 0-0: Called Strike
0-1: SINGLE (Groundball, 34)
Justin Saginov scores
Batting: LHB Charles Mathes 0-0: Fly out, F5 (Popup, 5)
Batting: LHB Brad Elmore 0-0: Ball
1-0: Foul Ball, location: 2F
1-1: Called Strike
1-2: Foul Ball, location: 2F
1-2: Foul Ball, location: 2F
1-2: Ball
2-2: Foul Ball, location: 2F
2-2: SINGLE (Line Drive, 6MD)
Duncan Thomas to second
Batting: LHB Ray Sears 0-0: Called Strike
0-1: Swinging Strike
0-2: Ball
1-2: Fly out, F8 (Flyball, 8LM)
Bottom of the 5th over - 1 run(s), 3 hit(s), 0 error(s), 2 left on base; Louisville 2 - D.C. 2
TOP OF THE 6TH
Louisville BC batting - Pitching for D.C. Divided : RHP Yoriyoshi Yamamoto
Batting: RHB Andrés Rodríguez 0-0: Ball
1-0: Ground out 4-3 (Groundball, 4M)
Batting: RHB Micheal Murdoch 0-0: Ball
1-0: Foul Ball, location: 2F
1-1: Ball
2-1: Ground out 4-3 (Groundball, 4)
Batting: SHB Chris Williamson 0-0: Ball
1-0: Ball
2-0: Fly out, F7 (Line Drive, 78M)
Top of the 6th over - 0 run(s), 0 hit(s), 0 error(s), 0 left on base; Louisville 2 - D.C. 2
BOTTOM OF THE 6TH
D.C. Divided batting - Pitching for Louisville BC : RHP Austin Stewart
Batting: LHB Mike Gardner 0-0: Foul Ball, location: 2F
0-1: Swinging Strike
0-2: Strikes out swinging
Batting: RHB Lúcio López 0-0: Ground out 5-3 (Groundball, 56S)
Batting: RHB Cristo González 0-0: Called Strike
0-1: Called Strike
0-2: Ball
1-2: Fly out, F8 (Line Drive, 8LD)
Bottom of the 6th over - 0 run(s), 0 hit(s), 0 error(s), 0 left on base; Louisville 2 - D.C. 2
TOP OF THE 7TH
Louisville BC batting - Pitching for D.C. Divided : RHP Yoriyoshi Yamamoto
Pinch Hitting: LHB Tim Hargrove 0-0: Ball
1-0: Ball
2-0: Called Strike
2-1: Ball
3-1: Base on Balls
Batting: LHB Joram Nelen 0-0: Ball
1-0: Sac Bunt - play at first, batter OUT! 1-4
Tim Hargrove to second
Batting: SHB Adrián Pueblo 0-0: Fly out, F8 (Flyball, 8LS)
Pinch Hitting: RHB Chi-ju Zhang 0-0: Ball
1-0: Ball
2-0: Foul Ball, location: 2F
2-1: Ground out 5-3 (Groundball, 56S)
Top of the 7th over - 0 run(s), 0 hit(s), 0 error(s), 1 left on base; Louisville 2 - D.C. 2
BOTTOM OF THE 7TH
D.C. Divided batting - Pitching for Louisville BC : RHP Austin Stewart
Now at 1B: Tim Hargrove
Now in CF: Chi-ju Zhang
Batting: LHB Keith Bridges 0-0: Ball
1-0: Ball
2-0: Ball
3-0: Called Strike
3-1: Base on Balls
Pinch Runner at 1st Tony Romero:
Batting: RHB Justin Saginov 0-0: Sac Bunt - play at first, batter OUT! 1-4
Tony Romero to second
Batting: RHB Duncan Thomas 0-0: Called Strike
0-1: Ball
1-1: Swinging Strike
1-2: Ball
2-2: Ground out 6-3 (Groundball, 56)
Batting: LHB Charles Mathes 0-0: Called Strike
0-1: 2-RUN HOME RUN (Flyball, 78XD), Distance : 435 ft
Batting: LHB Brad Elmore 0-0: Ball
1-0: Ball
2-0: Ball
3-0: Called Strike
3-1: Swinging Strike
3-2: Base on Balls
Pitching: LHP Jesús Medina
Batting: LHB Ray Sears 0-0: Ball
1-0: Fly out, F4 (Popup, 34D)
Bottom of the 7th over - 2 run(s), 1 hit(s), 0 error(s), 1 left on base; Louisville 2 - D.C. 4
TOP OF THE 8TH
Louisville BC batting - Pitching for D.C. Divided : RHP Yoriyoshi Yamamoto
Batting: LHB Arturo Acevedo 0-0: Called Strike
0-1: SINGLE (Line Drive, 56)
Batting: LHB Carroll Martin 0-0: Ball
1-0: Ball
2-0: Foul Ball, location: 2F
2-1: Ground out U3 (Groundball, 3S)
Arturo Acevedo to second
Batting: RHB Andrés Rodríguez 0-0: Called Strike
0-1: Called Strike
0-2: Ball
1-2: Fly out, F8 (Flyball, 8RM)
Batting: RHB Micheal Murdoch 0-0: Called Strike
0-1: Swinging Strike
0-2: Strikes out swinging
Top of the 8th over - 0 run(s), 1 hit(s), 0 error(s), 1 left on base; Louisville 2 - D.C. 4
BOTTOM OF THE 8TH
D.C. Divided batting - Pitching for Louisville BC : LHP Jesús Medina
Batting: LHB Mike Gardner 0-0: Swinging Strike
0-1: Swinging Strike
0-2: Ball
1-2: Strikes out looking
Batting: RHB Lúcio López 0-0: Called Strike
0-1: Foul Ball, location: 2F
0-2: Hit by Pitch
Batting: RHB Cristo González 0-0: Ball
1-0: Called Strike
1-1: Called Strike
1-2: Ball
2-2: Ball
3-2: SINGLE (Line Drive, 8LS)
Lúcio López to second
Batting: RHB Tony Romero 0-0: Foul Ball, location: 2F
0-1: Called Strike
0-2: Ball
1-2: TRIPLE (Line Drive, 8RM)
Lúcio López scores
Cristo González scores
Batting: RHB Justin Saginov 0-0: Ball
1-0: Ball
Steal of home, Tony Romero is safe
2-0: Ball
3-0: Called Strike
3-1: Called Strike
3-2: Base on Balls
Pitching: LHP Mathies Pilegaard
Batting: RHB Duncan Thomas 0-0: Ball
1-0: Ball
2-0: Foul Ball, location: 2F
2-1: Ball
3-1: Base on Balls
Justin Saginov to second
Batting: LHB Charles Mathes 0-0: Called Strike
0-1: Swinging Strike
0-2: Ball
1-2: Ball
2-2: Strikes out swinging
Batting: LHB Brad Elmore 0-0: Called Strike
0-1: Called Strike
0-2: Ball
1-2: Ball
2-2: Ground out 6-3 (Groundball, 56D)
Bottom of the 8th over - 3 run(s), 2 hit(s), 0 error(s), 2 left on base; Louisville 2 - D.C. 7
TOP OF THE 9TH
Louisville BC batting - Pitching for D.C. Divided : RHP Yoriyoshi Yamamoto
Batting: SHB Chris Williamson 0-0: Ball
1-0: Called Strike
1-1: Ball
2-1: SINGLE (Line Drive, 89S)
Pitching: RHP Gabriel Hidalgo
Batting: LHB Tim Hargrove 0-0: Swinging Strike
0-1: Ball
1-1: Foul Ball, location: 2F
1-2: Foul Ball, location: 2F
1-2: Ball
Wild Pitch!
Chris Williamson to second
2-2: Fly out, F9 (Flyball, 9D)
Runner from 2nd tags up, SAFE at 3rd, no throw
Batting: LHB Joram Nelen 0-0: Swinging Strike
0-1: Ball
1-1: Foul Ball, location: 2F
1-2: Ball
2-2: Ball
3-2: Strikes out swinging
Batting: SHB Adrián Pueblo 0-0: Ball
1-0: SINGLE (Groundball, 5S)
Chris Williamson scores
Batting: RHB Chi-ju Zhang 0-0: DOUBLE (Line Drive, 8RD)
Adrián Pueblo to third
Batting: LHB Arturo Acevedo 0-0: Foul Ball, location: 2F
0-1: Foul Ball, location: 2F
0-2: Foul Ball, location: 2F
0-2: Ball
1-2: Ball
2-2: Strikes out swinging
Top of the 9th over - 1 run(s), 3 hit(s), 0 error(s), 2 left on base; Louisville 3 - D.C. 7
This league is powered by Out of the Park Baseball, the baseball management simulation game for PC, Mac and Linux
Monday, October 3rd, 2016 - OOTP Baseball 16.9 Build 39